 Dungeon Crawl Stone Soup version 0.31.0-11-ge490571c62 (webtiles) character file.

Game seed: 17331791389888455276

11 Esekla the Grasshopper (level 2, 0/15 HPs)
             Began as a Spriggan Warper on Feb 3, 2024.
             Frozen to death by an endoplasm (4 damage)
             ... on level 1 of the Dungeon.
             The game lasted 00:02:29 (353 turns).

Esekla the Grasshopper (Spriggan Warper)             Turns: 353, Time: 00:02:30

Health: 0/15       AC:  2    Str:  7    XL:     2   Next: 17%
Magic:  7/7        EV: 17    Int: 14    God:
Gold:   32         SH:  0    Dex: 14    Spells: 5/7 levels left

rFire   . . .        d - +0 dagger
rCold   . . .        (no shield)
rNeg    . . .        b - +0 robe
rPois   .            (helmet restricted)
rElec   .            (no cloak)
rCorr   .            (gloves unavailable)
SInv    +            (boots unavailable)
Will    .....        (no amulet)
Stlth   +            (no ring)
HPRegen 0.22/turn    (no ring)
MPRegen 0.10/turn

%: no passive effects
@: very quick
A: very small, no large weapons, unfitting armour, see invisible, speed 3
a: no special abilities


You were on level 1 of the Dungeon.
You visited 1 branch of the dungeon, and saw 1 of its levels.

You collected 32 gold pieces.

Inventory:

Hand Weapons
 d - a +0 dagger (weapon)
Missiles
 f - 4 boomerangs (quivered)
Armour
 b - a +0 robe (worn)
Scrolls
 a - a scroll of revelation {unknown}
 c - a scroll of blinking
 e - a scroll of immolation {unknown}
 h - a scroll of identify {unknown}
Potions
 g - a potion of resistance {unknown}


   Skills:
 + Level 1.7 Fighting
 + Level 2.3 Short Blades
 + Level 1.0 Throwing
 * Level 3.2 Dodging
 * Level 3.0 Spellcasting
 + Level 4.7 Translocations


You had 5 spell levels left.
You knew the following spells:

 Your Spells              Type           Power      Damage    Failure   Level
b - Blink                 Tloc           30%        N/A       4%          2

Your spell library contained the following spells:

 Spells                   Type           Power      Damage    Failure   Level
 Lesser Beckoning         Tloc           30%        N/A       4%          2
 Teleport Other           Tloc           15%        N/A       9%          3
 Manifold Assault         Tloc           15%        N/A       30%         4
 Vhi's Electric Charge    Tloc/Air       16%        N/A       63%         4


Dungeon Overview and Level Annotations

Branches:
Dungeon (1/15)

Altars:


Innate Abilities, Weirdness & Mutations

You are very small and have problems with some larger weapons.
You are too small for most types of armour.
You have supernaturally acute eyesight. (SInv)
You cover ground extremely quickly. (Speed+++)


Message History

The ball python is moderately wounded.
The ball python bites you but does no damage.
The ball python grabs you. The ball python constricts you.
The ball python misses you. The ball python constricts you.
You closely miss the ball python.
The ball python is moderately wounded.
The ball python completely misses you. The ball python constricts you.
You barely miss the ball python.
The ball python is moderately wounded.
The ball python bites you. The ball python constricts you.
You hit the ball python.
You kill the ball python!
You see here a ball python corpse.
You see here 4 boomerangs.
f - 4 boomerangs You see here a ball python corpse.
g - a murky emerald potion
Found a scroll labelled LIPOGESETH.
h - a scroll labelled LIPOGESETH You see here 4 stones.
The endoplasm quivers.
The endoplasm attacks as it pursues you!
The endoplasm completely misses you.
You hit the endoplasm but do no damage. The endoplasm hits you.
You hit the endoplasm.
The endoplasm is lightly wounded.
The endoplasm freezes you.
You are frozen.
You hit the endoplasm.
The endoplasm is moderately wounded.
The endoplasm freezes you.
You are frozen.
* * * LOW HITPOINT WARNING * * *
You hit the endoplasm.
The endoplasm is severely wounded.
You hit the endoplasm.
The endoplasm is almost dead.
The endoplasm freezes you.
You are frozen.
You die...

#.....#.##..#..#....#..#..# ##
#>.#.##.###.#.#......#.#.## #.
...#.##.#....#........#..# #.
#.##.##.......##....##...#######.
#. #............####.............
#. #r.#..................######..
.................>.....## #..#
.............#.####.....###.##
..#........J@.# #####.......
..#.........### #.......
.............# #.......
.......+###.## ####.......
....... ### ........... .......
####.....[. ....#.. #.......
....##. #....... ... ## #.......


You could see an endoplasm.

Vanquished Creatures
  A dart slug (D:1)
  2 ball pythons (D:1)
  2 hobgoblins (D:1)
  A bat (D:1)
  A frilled lizard (D:1)
  3 rats (D:1)
10 creatures vanquished.

Notes
Turn   | Place    | Note
-------+----------+-------------------------------------------
     0 | D:1      | Esekla the Spriggan Warper began the quest for the Orb.
     0 | D:1      | Reached XP level 1. HP: 10/10 MP: 5/5
   210 | D:1      | Reached XP level 2. HP: 15/15 MP: 7/7
   234 | D:1      | Learned a level 2 spell: Blink
   353 | D:1      | Frozen to death by an endoplasm

Illustrated notes

Levels and vault maps discovered:
D:1:      lightli_molten_gateway, layout_rooms,
          hellmonk_ecumenical_altar_slurped_away, minmay_circled_x

Skill      XL: |  1 |
---------------+----+-----
Spellcasting   | 3 |  3.0
Fighting       | |  1.7
Short Blades   | |  2.3
Throwing       | |  1.0
Dodging        | |  3.2
Translocations | |  4.7

Action                     || total
---------------------------++-------
  Melee: Dagger            ||    58
         Short sword       ||     8
 Armour: Robe              ||    11
  Dodge: Dodged            ||    39
